 Dungeon Crawl Stone Soup version 0.19.0-20-gbc5f0c6 (webtiles) character file.

83 grisgris the Skirmisher (level 4, 0/35 HPs)
             Began as a Demonspawn Monk on Nov 16, 2016.
             Slain by a goblin
             ... wielding a +0 dagger
             ... led by Robin
              (2 damage)
             ... on level 3 of the Dungeon.
             The game lasted 00:04:57 (1833 turns).

grisgris the Skirmisher (Demonspawn Monk)           Turns: 1833, Time: 00:04:58

Health: 0/35       AC:  3    Str: 12    XL:     4   Next: 22%
Magic:  4/4        EV: 18    Int: 12    God:
Gold:   66         SH:  0    Dex: 15    Spells: 0 memorised, 3 levels left

rFire  x . .     SeeInvis .     a - +0 mace
rCold  + . .     Gourm    .     h - +0 leather armour
rNeg   . . .     Faith    .     (no shield)
rPois  .         Spirit   .     (no helmet)
rElec  .         Reflect  .     (no cloak)
rCorr  .         Harm     .     (no gloves)
MR     .....                    (no boots)
Stlth  ++........               (no amulet)
                                i - ring of ice
                                b - +5 ring of evasion

@: no status effects
A: sturdy frame 1
a: no special abilities


You were on level 3 of the Dungeon.
You were hungry.

You visited 1 branch of the dungeon, and saw 3 of its levels.

You collected 66 gold pieces.

Inventory:

Hand Weapons
 a - a +0 mace (weapon)
Armour
 h - a +0 leather armour (worn)
Jewellery
 b - a +5 ring of evasion (left hand)
 i - a ring of ice (right hand)
 l - a +3 ring of intelligence
Scrolls
 e - a scroll of identify {unknown}
 k - a scroll of amnesia
Potions
 d - a potion of mutation {unknown}
 f - a potion of berserk rage {unknown}
 m - a potion of curing {unknown}
Comestibles
 c - a bread ration
 g - 2 beef jerkies
 j - 2 meat rations
 o - a royal jelly


   Skills:
 + Level 3.5 Fighting
 + Level 3.5 Maces & Flails
 + Level 1.0 Armour
 + Level 3.3 Dodging
 - Level 1.7 Stealth


You had 3 spell levels left.
You didn't know any spells.

Dungeon Overview and Level Annotations

Branches:
Dungeon (3/15)

Altars:
Cheibriados
Ru
Xom

Annotations:
D:3 Robin


Innate Abilities, Weirdness & Mutations

Your movements are slightly less encumbered by armour. (ER -2)


Message History

You barely miss the goblin. The goblin hits you with a dagger.
Robin closely misses you.
You barely miss the goblin. The goblin hits you but does no damage.
Robin hits you with a short sword.
You barely miss Robin. Robin barely misses you.
The goblin hits you with a dagger.
* * * LOW HITPOINT WARNING * * *
Robin barely misses you. The goblin hits you with a dagger.
* * * LOW HITPOINT WARNING * * *
You hit Robin.
Robin is moderately wounded.
The goblin hits you with a dagger.
* * * LOW HITPOINT WARNING * * *
Robin barely misses you.
You sock Robin!
Robin is almost dead.
You are feeling hungry.
The goblin no longer looks unusually strong.
The goblin hits you with a dagger.
You die...

. ## #. ..##
.. ..# .#
#.#####
#.##.#
#.....g###<.#
#@#..##
##g#.# #b#.#
#g#.# #g#.#
.g..# #.###
#.# #.#


You could see Robin, 4 goblins and a bat.

Vanquished Creatures
  An adder (D:2)
  A dart slug (D:1)
  A worm (D:2)
  2 leopard geckos (D:2)
  4 giant cockroaches
  9 goblins
  8 hobgoblins
  3 jackals (D:2)
  A quokka (D:2)
  A ball python (D:1)
  11 bats
  7 frilled lizards
  6 kobolds
  11 rats
66 creatures vanquished.

Notes
Turn   | Place    | Note
-------+----------+-------------------------------------------
     0 | D:1      | grisgris the Demonspawn Monk began the quest for the Orb.
     0 | D:1      | Reached XP level 1. HP: 18/18 MP: 1/1
   212 | D:1      | Gained mutation: Your movements are slightly less encumbered by armour. (ER -2) [demonic ancestry]
   212 | D:1      | Reached XP level 2. HP: 16/24 MP: 2/2
   681 | D:1      | Reached XP level 3. HP: 13/29 MP: 3/3
  1153 | D:2      | Found a snail-covered altar of Cheibriados.
  1153 | D:2      | Found a shimmering altar of Xom.
  1153 | D:2      | Found a sacrificial altar of Ru.
  1363 | D:2      | Reached skill level 1 in Armour
  1370 | D:2      | Reached XP level 4. HP: 18/35 MP: 4/4
  1805 | D:3      | Noticed Robin
  1833 | D:3      | Slain by a goblin

Skill      XL: |  1  2  3 |
---------------+----------+-----
Dodging        | 3 |  3.3
Maces & Flails | 3 |  3.5
Armour         | 1 |  1.0
Fighting       | |  3.5
Stealth        | |  1.7

Action                   |  1- 3 |  4- 6 || total
-------------------------+-------+-------++-------
Melee: Mace              |   197 |    45 ||   242
  Use: Scroll            |     1 |       ||     1
 Stab: Sleeping          |     4 |       ||     4
  Eat: Chunk             |       |     3 ||     3
Armor: Robe              |    25 |       ||    25
       Leather armour    |    34 |     6 ||    40
Dodge: Dodged            |   185 |    43 ||   228
